 Dungeon Crawl Stone Soup version 0.26-a0-812-g31a745ddcd (webtiles) character file.

Game seed: 1227018718721076011

15682 kae the Martial Artist (level 12, -5/72 HPs)
             Began as a Tengu Transmuter on Nov 20, 2020.
             Was a High Priest of Wu Jian.
             Slain by Rupert
             ... wielding a +2 battleaxe of flaming
              (30 damage)
             ... while paralysed by Rupert
             ... on level 12 of the Dungeon.
             The game lasted 00:14:53 (12693 turns).

kae the Martial Artist (Tengu Transmuter)          Turns: 12693, Time: 00:14:54

Health: -5/72      AC: 11    Str: 14    XL:     12   Next: 29%
Magic:  15/19      EV:  2    Int: 15    God:    Wu Jian [*****.]
Gold:   817        SH:  0    Dex: 15    Spells: 10/19 levels left

rFire    . . .     SeeInvis .     - Unarmed
rCold    . . .     Faith    .   (shield currently unavailable)
rNeg     . . .     Spirit   .   I - +0 acid dragon scales
rPois    .         Reflect  .   (helmet restricted)
rElec    .         Harm     .   H - +2 cloak
rCorr    +         Rampage  .   (gloves currently unavailable)
MR       .....                  (boots unavailable)
Stlth    +.........             d - amulet of regeneration
HPRegen  0.62/turn              (no ring)
MPRegen  0.16/turn              (no ring)

@: paralysed, blade hands, flying quickly and evasively, quick
A: beak, talons 3, able to fly
a: Stop Flying, End Transformation, Wall Jump, Serpent's Lash, Heavenly Storm,
Renounce Religion


You were on level 12 of the Dungeon.
You worshipped Wu Jian.
Wu Jian was extremely pleased with you.
You had blades for hands.
You visited 2 branches of the dungeon, and saw 13 of its levels.
You also visited: Ossuary.

You collected 817 gold pieces.

Inventory:

Armour
 H - a +2 cloak (worn)
 I - +0 acid dragon scales (worn)
Jewellery
 a - a cursed -4 ring of intelligence {unknown}
 d - an amulet of regeneration (around neck)
 r - an uncursed amulet of faith
 y - an uncursed amulet of magic regeneration
 z - a +6 ring of strength {unknown}
 B - an uncursed ring of protection from cold {unknown}
 C - an uncursed ring of resist corrosion
 F - a +4 ring of slaying {unknown}
 G - an uncursed ring of poison resistance {unknown}
Wands
 b - a wand of polymorph (22)
 e - a wand of digging (9)
 j - a wand of enslavement (12)
 q - a wand of flame (4)
 w - a wand of acid (2)
 D - a wand of disintegration (15)
 E - a wand of random effects (21)
Scrolls
 h - 6 scrolls of identify
 k - a scroll of blinking
 l - 8 scrolls of teleportation
 m - 4 scrolls of enchant armour
 t - 2 scrolls of amnesia
 u - 6 scrolls of remove curse
Potions
 c - 2 potions of magic
 g - 3 potions of heal wounds
 i - 5 potions of curing
 n - 2 potions of mutation
 o - a potion of haste
 p - a potion of attraction
 s - a potion of cancellation
 v - a potion of lignification
 x - 2 potions of might {unknown}
 A - 3 potions of invisibility {unknown}


   Skills:
 + Level 7.3 Fighting
 + Level 7.9 Armour
 + Level 8.3 Dodging
 * Level 11.7 Unarmed Combat
 - Level 4.0 Spellcasting
 * Level 9.0 Transmutations


You had 10 spell levels left.
You knew the following spells:

 Your Spells              Type           Power        Failure   Level
a - Beastly Appendage     Tmut           ####..       13%         1
b - Spider Form           Tmut/Pois      ###.......   50%         3
c - Blade Hands           Tmut           ####......   58%         5

Your spell library contained the following spells:

 Spells                   Type           Power        Failure   Level
 Wereblood                Tmut           ####....     14%         2
 Sandblast                Erth           #.....       67%         1
 Shock                    Conj/Air       #...         67%         1
 Swiftness                Air            #.......     78%         2
 Ice Form                 Ice/Tmut       ###.....     78%         4
 Petrify                  Tmut/Erth      ###.....     78%         4
 Confusing Touch          Hex            #.......     91%         3
 Gell's Gravitas          Tloc           #.........   91%         3
 Static Discharge         Conj/Air       #.......     91%         3
 Yara's Violent Unravell  Hex/Tmut       ###.......   96%         5
 Airstrike                Air            #.........   99%         4
 Lightning Bolt           Conj/Air       #.........   100%        5
 Metabolic Englaciation   Hex/Ice        #.........   100%        5


Dungeon Overview and Level Annotations

Branches:
Dungeon (12/15)            Temple (1/1) D:6            Lair (0/6) D:10
    Orc (0/2) D:10        Ossuary (visited)

Altars:
Ashenzari
Cheibriados
Dithmenos
Elyvilon
Gozag
Hepliaklqana
Kikubaaqudgha
Nemelex Xobeh
Okawaru
Qazlal
Ru
Sif Muna
Trog
Uskayaw
Vehumet
Wu Jian
Xom
Yredelemnul
Zin
The Shining One

Shops:
D:4 [

Annotations:
D:12 Nergalle, Rupert


Innate Abilities, Weirdness & Mutations

You have a beak for a mouth.
You have claws for feet.
You can fly continuously.


Message History

Confirm with . or Enter, or press ? or * to list all spells.
The spell is quite dangerous to cast (17% risk of failure)!
Continue anyway? [Y]es or [N]o only, please.
The spell is quite dangerous to cast (17% risk of failure)!
Continue anyway?
Your hands turn into razor-sharp scythe blades.
You fly downwards.
Level annotation: Nergalle, Rupert
There is a stone staircase leading up here.
You lunge at Rupert.
You shred Rupert!!! You claw Rupert, but do no damage.
Rupert is moderately wounded.
You barely miss Rupert. You claw Rupert.
Rupert is heavily wounded.
Rupert yells loudly at you.
You suddenly lose the ability to move!
Rupert roars madly and goes into a rage!
Rupert goes berserk!
Rupert hits you with a +2 battleaxe of flaming!!
Rupert burns you!
Rupert hits you with a +2 battleaxe of flaming!!
You die...

#.# #......# #..###. #.#
#.####.###...... #.# ##.##
#......####
##.##########.#(####(.#..####
#........)...###((.((.......>
##.#########..#(..รท........##
### #.#.#)<.>(......##
#<#.#.............
#@#.##............
#@#...)..^......##
#.##............#
#.##.#.#........##
#.##.#.##..#......
#.##.#.##..#..####
#....#.##......#
#o.###.###.#...###
#..........#.....#


You could see Rupert (berserk) and Nergalle.

Vanquished Creatures
  8 two-headed ogres
  Pikel (D:6)
  A centaur skeleton (D:10)
  2 trolls (D:10)
  Prince Ribbit (D:5)
  A wraith (D:11)
  Eustachio (D:5)
  12 yaks
  Grum (D:10)
  Edmund (D:5)
  Menkaure (D:4)
  An acid dragon (D:11)
  2 orc warriors (D:9)
  2 black bears
  A phantom (D:4)
  4 ice beasts
  2 sky beasts
  9 ogres
  A necrophage (D:10)
  4 wolves (D:10)
  6 centaurs
  Blork the orc (D:4)
  4 big kobolds
  4 elf zombies
  A gnoll sergeant (D:9)
  3 bullfrogs (D:10)
  An elf skeleton (D:6)
  3 scorpions
  10 killer bees
  4 wights (D:12)
  3 howler monkeys
  7 electric eels
  2 human zombies
  4 quasits
  A centaur zombie (D:5)
  6 orc priests
  11 hounds
  2 jellies
  A bullfrog skeleton (D:10)
  7 iguanas
  2 human skeletons (D:6)
  15 orc wizards
  Natasha (thrice) (D:2)
  6 worker ants
  A killer bee zombie (D:8)
  A hound zombie (D:5)
  A hound skeleton (D:6)
  3 mummies (Ossuary)
  A worker ant zombie (D:5)
  13 gnolls
  9 adders
  2 shadow imps
  A white imp (D:10)
  4 ufetubi
  2 oozes
  2 adder zombies
  3 adder skeletons
  2 worms
  2 dart slugs
  6 leopard geckos
  42 orcs
  2 ball pythons
  5 giant cockroaches
  5 goblins
  10 hobgoblins
  13 jackals
  4 quokkas
  3 bats
  5 frilled lizards
  6 goblin zombies (Ossuary)
  A hobgoblin zombie (Ossuary)
  17 kobolds
  2 kobold zombies (Ossuary)
  A leopard gecko skeleton (D:8)
  3 orc skeletons (D:6)
  An orc zombie (D:6)
  4 quokka zombies
  12 rats
  3 rat zombies (Ossuary)
355 creatures vanquished.

Vanquished Creatures (others)
  10 plants
10 creatures vanquished.

Grand Total: 365 creatures vanquished

Notes
Turn   | Place    | Note
-------+----------+-------------------------------------------
     0 | D:1      | kae the Tengu Transmuter began the quest for the Orb.
     0 | D:1      | Reached XP level 1. HP: 12/12 MP: 4/4
   186 | D:1      | Reached XP level 2. HP: 16/16 MP: 3/6
   659 | D:1      | Reached XP level 3. HP: 20/20 MP: 5/7
  1313 | D:2      | You fall into a shaft and drop 1 floor!
  1464 | D:2      | Noticed Natasha
  1507 | D:2      | Killed Natasha
  1507 | D:2      | Reached skill level 1 in Armour
  1507 | D:2      | Reached skill level 4 in Unarmed Combat
  1507 | D:2      | Reached XP level 4. HP: 8/25 MP: 8/8
  1795 | D:2      | Noticed Natasha
  1802 | D:2      | Killed Natasha
  2122 | D:2      | Noticed Natasha
  2133 | D:2      | Killed Natasha
  2133 | D:2      | Gained mutation: You can fly continuously. [Tengu growth]
  2133 | D:2      | Reached XP level 5. HP: 16/30 MP: 9/9
  3076 | D:3      | Noticed an ogre
  3264 | D:3      | Learned a level 3 spell: Spider Form
  3289 | D:3      | Killed an ogre
  3289 | D:3      | Reached XP level 6. HP: 28/35 MP: 0/10
  3910 | D:4      | Found a sacrificial altar of Ru.
  3917 | D:4      | Reached skill level 5 in Unarmed Combat
  4085 | D:4      | Reached XP level 7. HP: 18/40 MP: 10/12
  4198 | D:4      | Noticed Menkaure
  4206 | D:4      | Killed Menkaure
  4378 | D:4      | Noticed Blork the orc
  4535 | D:4      | Reached XP level 8. HP: 30/45 MP: 10/13
  4622 | D:4      | Found Uvvithrax's Armour Shoppe.
  5069 | D:4      | Killed Blork the orc
  5069 | D:4      | Reached skill level 6 in Unarmed Combat
  5139 | D:5      | Entered Level 5 of the Dungeon
  5139 | D:5      | Noticed Prince Ribbit
  5151 | D:5      | Killed Prince Ribbit
  5231 | D:5      | Noticed Edmund
  5337 | D:5      | Noticed Eustachio
  5357 | D:5      | Killed Eustachio
  5978 | D:5      | Killed Edmund
  6040 | D:6      | Reached skill level 5 in Transmutations
  6064 | D:6      | Found a staircase to the Ecumenical Temple.
  6082 | D:6      | Noticed Pikel
  6095 | D:6      | Killed Pikel
  6095 | D:6      | Reached skill level 5 in Dodging
  6095 | D:6      | Reached skill level 7 in Unarmed Combat
  6095 | D:6      | Reached XP level 9. HP: 52/52 MP: 12/16
  6107 | Temple   | Entered the Ecumenical Temple
  6194 | Temple   | Became a worshipper of the Wu Jian Council
  6568 | D:6      | Found a sand-covered staircase.
  6587 | Ossuary  | Entered an ossuary
  6655 | Ossuary  | Reached * piety under Wu Jian
  6683 | Ossuary  | Reached skill level 8 in Unarmed Combat
  7111 | D:6      | Found a shimmering blue altar of Sif Muna.
  7171 | D:6      | Identified Sif Muna's Collected Works on the Rocks
  7276 | D:7      | Reached skill level 5 in Armour
  7376 | D:7      | Reached XP level 10. HP: 58/58 MP: 11/17
  7447 | D:7      | Reached ** piety under Wu Jian
  7736 | D:7      | Reached skill level 5 in Fighting
  8224 | D:8      | Learned a level 5 spell: Blade Hands
  8493 | D:8      | Noticed a two-headed ogre
  8501 | D:8      | Killed a two-headed ogre
  8501 | D:8      | Reached skill level 9 in Unarmed Combat
  8533 | D:8      | Reached *** piety under Wu Jian
  8948 | D:9      | Noticed a two-headed ogre
  8957 | D:9      | Killed a two-headed ogre
  9201 | D:9      | Found a hazy altar of Hepliaklqana.
  9202 | D:9      | Found a shimmering altar of Xom.
  9203 | D:9      | Noticed a spectral ugly thing
  9203 | D:9      | Noticed a caustic shrike
  9295 | D:9      | Reached **** piety under Wu Jian
  9360 | D:9      | Found a broken altar of Ashenzari.
  9364 | D:9      | Saw a vision of the Swamp and the Shoals.
  9364 | D:9      | Noticed a sea snake
  9364 | D:9      | Noticed a sea snake
  9365 | D:9      | Noticed a will-o-the-wisp
  9567 | D:9      | Reached XP level 11. HP: 52/64 MP: 15/18
  9640 | D:9      | Reached skill level 10 in Unarmed Combat
  9877 | D:10     | Entered Level 10 of the Dungeon
  9897 | D:10     | Noticed a two-headed ogre
  9987 | D:10     | Found a staircase to the Orcish Mines.
 10034 | D:10     | Noticed a two-headed ogre
 10050 | D:10     | Killed a two-headed ogre
 10125 | D:10     | Killed a two-headed ogre
 10199 | D:10     | Noticed Grum
 10216 | D:10     | Killed Grum
 10486 | D:10     | Reached ***** piety under Wu Jian
 10600 | D:10     | Found a staircase to the Lair.
 11140 | D:11     | Noticed a two-headed ogre
 11146 | D:11     | Killed a two-headed ogre
 11146 | D:11     | Reached skill level 11 in Unarmed Combat
 11538 | D:11     | Reached XP level 12. HP: 57/71 MP: 9/19
 11681 | D:11     | Noticed a two-headed ogre
 11689 | D:11     | Killed a two-headed ogre
 12032 | D:11     | Noticed a two-headed ogre
 12040 | D:11     | Killed a two-headed ogre
 12404 | D:12     | Identified the +6 rapier "Ogrebane" {protect, Int+3}
 12509 | D:12     | Noticed a two-headed ogre
 12526 | D:12     | Killed a two-headed ogre
 12571 | D:12     | Noticed Rupert
 12572 | D:12     | Paralysed by Rupert for 3 turns
 12577 | D:12     | Noticed Nergalle
 12690 | D:12     | Paralysed by Rupert for 7 turns
 12693 | D:12     | Slain by Rupert

Illustrated notes

Levels and vault maps discovered:
D:1:      grunt_arrival_lava_bath, layout_basic
D:2:      layout_rooms, uniq_natasha
D:3:      layout_loops_cross, minmay_crystal_room
D:4:      layout_cave_pods, nicolae_ru_awakened_eye, serial_shops,
          nicolae_shop_crystal, uniq_blork_the_orc, uniq_menkaure
D:5:      layout_rooms, water_maze_lemuel, uniq_prince_ribbit1,
          uniq_crazy_yiuf_cottage, uniq_eustachio, uniq_edmund
D:6:      layout_loops_cross, led_sif_book, temple_fountains,
          nicolae_ossuary_entry_catacombs, uniq_pikel
D:7:      layout_cave_pools, nicolae_water_bricks,
          minmay_misc_feat_more_columns, serial_bayou_lagoon_b
D:8:      layout_basic, minmay_chambers_of_fives
D:9:      layout_basic, regret_index_temple_of_mockery,
          grunt_ashenzari_visionary [grunt_ashenzari_visionary_swamp,
          grunt_ashenzari_visionary_shoals]
D:10:     layout_basic, erik_lair_island, nrook_loot_triangle, uniq_grum
D:11:     layout_gridville
D:12:     layout_loops_ring, uniq_nergalle, uniq_rupert, uniq_maurice
Temple:   eino_narrow_crystal_temple

Skill      XL: |  1  2  3  4  5  6  7  8  9 10 11 12 |
---------------+-------------------------------------+-----
Transmutations | 2 3 4 5 6 7 8 9 |  9.0
Armour         | 1 2 4 5 6 7 |  7.9
Unarmed Combat | 4 5 7 8 9 11 | 11.7
Fighting       | 2 4 5 6 7 |  7.3
Dodging        | 3 5 6 8 |  8.3
Spellcasting   | 3 4 |  4.0

Action                   |  1- 3 |  4- 6 |  7- 9 | 10-12 || total
-------------------------+-------+-------+-------+-------++-------
Melee: Unarmed           |    94 |   101 |   399 |   589 ||  1183
       Kick              |    16 |    18 |    51 |   108 ||   193
       Headbutt          |     6 |     3 |    13 |    24 ||    46
       Peck              |    10 |    14 |    40 |    56 ||   120
       Punch             |     1 |       |     8 |    13 ||    22
 Cast: Beastly Appendage |    12 |     4 |    20 |    19 ||    55
       Spider Form       |       |     2 |    19 |    19 ||    40
       Blade Hands       |       |       |       |     7 ||     7
Invok: Lunge             |       |       |    11 |    44 ||    55
       Whirlwind         |       |       |       |     6 ||     6
 Abil: Fly               |       |     1 |       |       ||     1
Evoke: Wand              |       |       |       |    22 ||    22
  Use: Potion            |     1 |       |     4 |       ||     5
       Scroll            |       |       |    11 |     8 ||    19
 Stab: Sleeping          |     1 |       |     1 |       ||     2
Armor: Robe              |     1 |       |       |       ||     1
       Ring mail         |    30 |    13 |    41 |    55 ||   139
       Skin              |       |       |     9 |     2 ||    11
       Acid dragon scale |       |       |       |    21 ||    21
Dodge: Dodged            |    53 |    36 |   253 |   423 ||   765

Table legend: (Time is in decaauts)
 A = Elapsed time spent in this place.
 B = Non-inter-level travel time spent in this place.
 C = Inter-level travel time spent in this place.
 D = Time resting spent in this place.
 E = Time spent auto-exploring this place.
 F = Levels seen in this place.
 G = Mean time per level.
                   A        B        C        D        E       F      G
               +--------+--------+--------+--------+--------+-----+--------+
         Total |  11909 |  11497 |    412 |    713 |   8418 |  14 |  850.6 |
       Dungeon |  11630 |  11238 |    392 |    713 |   8256 |  12 |  969.2 |
        Temple |     93 |     74 |     19 |      0 |     71 |   1 |   93.0 |
       Ossuary |    185 |    185 |      0 |      0 |     90 |   1 |  185.0 |
               +--------+--------+--------+--------+--------+-----+--------+

Top non-repeatable levels by time:
     D:2: 1569 daAuts
     D:3: 1335 daAuts
     D:4: 1260 daAuts
    D:10: 1091 daAuts
    D:11: 1073 daAuts
     D:9: 980 daAuts
     D:6: 847 daAuts
     D:5: 821 daAuts
     D:7: 816 daAuts
     D:1: 779 daAuts
     D:8: 681 daAuts
    D:12: 373 daAuts
 Ossuary: 185 daAuts
  Temple: 93 daAuts
